Unix NetHack Version 3.7.0-73 Work-in-progress - last build Feb 13 2023 23:22:17 (e889fd6b8cb55ddd886883d72e5aaabce8a889b2,branch:master). Game began 2023-02-13 23:35:01, ended 2023-02-13 23:52:03. Gandelf, neutral male human Monk ------ ------- ---------- --|.((!| -----...*.----........| ..-- |.-.%((| -...--- --..|...--......|...{..+ ..... |.|./!(| --.......- |...|....|--------@....| ....... -+--.--------|......... |........|------ |@--|-| ...{... --.............---...G.... |-...|...-|.(((| |.|.%.| ....... ....-.---.-----%.-|..........--....|-...-[(.(| |.|...| ..... ..--|..|..| .....|-....|........-- ...-|.(((| |.----- --- ...-|..|..| ...|..---...|.--..|...|....|------ |..[.. --- ...------- ..---......- -----...%-- ----------- |........|...| .........--- -.......| |%(%%??)[?| -......---...| .%..----- ...{....| |......[..| ..|....%.....| --)-- .......-|..--------|-- -- ..|....|.....| |.| -......--................| ....|..----...-- |%| --+-.....-+--........--+- ........|--- ----- ---|--- |..---- ---.-..--- -.%%..---- ---- |.....| ---- ..|-.| .|.[..|.---------|..| |.._..| --.--.- |.....-- |.........--[.| |.....| . .. |<..--- -----.......-- ------- ------- ----- --------- Gandelf the Initiate St:18/01 Dx:12 Co:10 In:10 Wi:14 Ch:9 Neutral S:2048 Dlvl:6 $:0 HP:0(40) Pw:30(34) AC:10 Xp:6/447 T:2026 Latest messages: You hear some noises in the distance. You bite the Woodland-elf. You bite the Woodland-elf. You kill the Woodland-elf! There are many objects here. O - 2 black gems. J - a blue gem. Q - a green gem. P - a green gem. R - an orange gem. I - a red gem. G - 2 white gems. M - 3 yellow gems. You have a little trouble lifting 2 uncursed yellowish brown gems. Continue? [ynq] (q) q You have a little trouble lifting 2 uncursed yellowish brown gems. Continue? [ynq] (q) y You have a little trouble lifting S - 2 uncursed yellowish brown gems. Your movements are slowed slightly because of your load. You swap places with your rabid rat. The rabid rat eats a Woodland-elf corpse. You hear some noises in the distance. The Woodland-elf swings his runed bow. The Woodland-elf hits! You miss the Woodland-elf. The Woodland-elf swings his runed bow. The Woodland-elf hits! You hear a nearby zap. The bolt of fire hits you! You return to human form! Your movements are now unencumbered. The bolt of fire bounces! The Woodland-elf zaps a wand of fire! The bolt of fire hits you! The Woodland-elf swings his runed bow. The Woodland-elf hits! You hit the Woodland-elf! You hit the Woodland-elf! The Woodland-elf drinks a cloudy potion! The Woodland-elf looks much better. You hit the Woodland-elf! You miss the Woodland-elf. The Woodland-elf swings his runed bow. The Woodland-elf hits! You hit the Woodland-elf! The Woodland-elf drinks a potion of extra healing! The Woodland-elf looks much better. You hit the Woodland-elf! The Woodland-elf swings his runed bow. The Woodland-elf hits! You die... Do you want your possessions identified? [ynq] (y) q Inventory: Wands U - a wand of create monster (0:11) Gems/Stones M - 3 uncursed citrine stones P - an uncursed emerald R - an uncursed jacinth stone I - an uncursed ruby O - 2 uncursed worthless pieces of black glass J - an uncursed worthless piece of blue glass Q - an uncursed worthless piece of green glass G - 2 uncursed worthless pieces of white glass S - 2 uncursed worthless pieces of yellowish brown glass Gandelf the Monk's attributes: Background: You were an Initiate, a level 6 male human Monk. You were neutral, on a mission for Chih Sung-tzu who was opposed by Shan Lai Ching (lawful) and Huan Ti (chaotic). You were in the Gnomish Mines, on level 6. You entered the dungeon 2026 turns ago. It was nighttime. You had 447 experience points, 193 more were needed to attain level 7. Your score was 2048 before end-of-game adjustments. Basics: You had 0 out of 40 hit points. You had 30 out of 34 energy points (spell power). Your armor class was 10. Your wallet was empty. Autopickup was on for '$?!+/=' plus thrown. Final Characteristics: Your strength was 18/01 (peak:18/02, limit:18/100). Your dexterity was 12 (limit:18). Your constitution was 10 (limit:18). Your intelligence was 10 (limit:18). Your wisdom was 14 (limit:18). Your charisma was 9 (limit:18). Final Status: You were not hungry. You were unencumbered. You were bare handed. You had basic skill with martial arts. You were not wearing any armor. Final Attributes: You were piously aligned. You were sleep resistant. You were poison resistant. You were level-drain resistant. You saw invisible. You were stealthy. You were a wererat. You were harmed by silver. You were fast. You are dead. Miscellaneous: You never encountered a bones level. Total elapsed playing time was 17 minutes and 1 second. Major events: Turn 1: Gandelf the neutral male human Monk entered the dungeon 533: entered the Gnomish Mines 555: attained the rank of Novice (level 3) 1135: reached Mine Town 1281: attained the rank of Initiate (level 6) 2026: killed by a Woodland-elf Vanquished creatures: a small mimic a gnome mummy a Woodland-elf a bugbear a yellow light 3 gnome leaders 2 gnomish wizards 2 gray oozes 8 dwarves a wererat 4 coyotes 17 gnomes 7 jackals a goblin a sewer rat 3 grid bugs a bat a newt 56 creatures vanquished. No species were genocided or became extinct. Voluntary challenges: You followed a strict vegan diet. You never hit with a wielded weapon. You read items or engraved 4 times. You never engraved Elbereth. You never genocided any monsters. You never polymorphed an object. You used no wishes. Achievements: You entered a shop. You entered the Gnomish Mines. You attained the rank of Novice. You entered Minetown. You entered a temple. You attained the rank of Initiate. The Dungeons of Doom: levels 1 to 3 Level 1: Some fountains. Level 2: A general store, an altar to Chih Sung-tzu. Stairs down to The Gnomish Mines. Level 3: The Gnomish Mines: levels 3 to 6 Level 3: Level 4: Level 5: Level 6: <- You were here. Many shops, a temple, many fountains. Final resting place for you, killed by a Woodland-elf. Game over: ---------- / \ / REST \ / IN \ / PEACE \ / \ | Gandelf | | 0 Au | | killed by a | | Woodland-elf | | | | | | 2023 | *| * * * | * _________)/\\_//(\/(/\)/\//\/|_)_______ Goodbye Gandelf the Monk... You died in The Gnomish Mines on dungeon level 6 with 2048 points, and 0 pieces of gold, after 2026 moves. You were level 6 with a maximum of 40 hit points when you died.